 Dungeon Crawl Stone Soup version 0.28-a0-1233-g92def6ad0a (webtiles) character file.

Game seed: 8986302135267594455

597 Lekart the Chopper (level 7, -13/61 HPs)
             Began as a Red Draconian Chaos Knight on Dec 23, 2021.
             Was a Plaything of Xom.
             Killed from afar by Ijyb (19 damage)
             ... with a bolt of acid
             ... on level 4 of the Dungeon.
             The game lasted 00:05:08 (4014 turns).

Lekart the Chopper (Red Draconian Chaos Knight)     Turns: 4014, Time: 00:05:09

Health: -13/61     AC:  2    Str: 14    XL:     7   Next: 17%
Magic:  7/7        EV: 13    Int: 13    God:    Xom [....*.]
Gold:   156        SH:  0    Dex: 12    Spells: 6/6 levels left

rFire   + . .      SeeInvis .   a - +1 hand axe (chaos)
rCold   . . .      Faith    .   (no shield)
rNeg    . . .      Spirit   .   (armour unavailable)
rPois   .          Reflect  .   (helmet restricted)
rElec   .          Harm     .   (no cloak)
rCorr   .          Rampage  .   (no gloves)
Will    .....                   (no boots)
Stlth   +.........              (no amulet)
HPRegen 0.20/turn               (no ring)
MPRegen 0.10/turn               (no ring)

@: short of breath, corroded
A: breathe fire, AC +6, unfitting armour, fire resistance 1, cold-blooded
a: Breathe Fire, Renounce Religion


You were on level 4 of the Dungeon.
You worshipped Xom.
You were a beloved toy of Xom.
You visited 1 branch of the dungeon, and saw 4 of its levels.

You collected 156 gold pieces.

Inventory:

Hand Weapons
 a - a +1 hand axe of chaos (weapon)
Wands
 d - a wand of digging (6)
Scrolls
 b - a scroll of identify
 c - a scroll of fear {unknown}
Potions
 e - a potion of haste {unknown}


   Skills:
 + Level 5.3 Fighting
 + Level 6.3 Axes
 + Level 4.0 Dodging


You had 6 spell levels left.
You didn't know any spells.
Your spell library contained the following spells:

 Spells                   Type           Power      Damage    Failure   Level
 Sting                    Tmut/Pois      0%         1d3       30%         1
 Ensorcelled Hibernation  Hex/Ice        0%         N/A       43%         2
 Ozocubu's Armour         Ice            0%         N/A       67%         3
 Spider Form              Tmut/Pois      0%         N/A       67%         3
 Metabolic Englaciation   Hex/Ice        0%         N/A       100%        5
 Simulacrum               Ice/Necr       0%         N/A       100%        6


Dungeon Overview and Level Annotations

Branches:
Dungeon (4/15)
 Temple: D:4-7

Altars:
Xom

Shops:
D:3 (

Annotations:
D:4 Ijyb


Innate Abilities, Weirdness & Mutations

You can breathe blasts of fire.
Your fiery red scales are hard. (AC +6)
You cannot fit into any form of body armour.
Your flesh is heat resistant. (rF+)
You are cold-blooded and may be slowed by cold attacks.


Message History

No target in view!
Your cleaving frenzy subsides.
Found a glowing hat.
No target in view!
You see here a +1 hat.
Found 8 arrows.
No target in view!
You see here 8 arrows.
Ijyb the Twisted Goblin comes into view.
She is wielding a +1 spectral club, wearing a +1 leather armour of cold resistance and carrying a wand of acid (10).
Ijyb zaps a wand.
The bolt of acid hits you!!
Ijyb is nearby!
You hit Ijyb but do no damage.
Your tail-slap misses Ijyb.
Ijyb closely misses you.
You hit Ijyb but do no damage. Ijyb hits you with a +1 spectral club.
You hit Ijyb.
Ijyb is lightly wounded.
Ijyb hits you with a +1 spectral club.
You hit Ijyb. You tail-slap Ijyb.
Ijyb is moderately wounded.
Ijyb zaps a wand.
The bolt of acid hits you!!
* * * LOW HITPOINT WARNING * * *
Xom is highly amused!
The acid corrodes you!
You are too injured to fight recklessly!
You are too injured to fight recklessly!
You are too injured to fight recklessly!
Aiming: Breathe Fire (5% risk of failure)
Press: ? - help, Shift-Dir - straight line, f - Ijyb
Aim: Ijyb, wielding a +1 spectral club, wearing a +1 leather armour of cold resistance and carrying a wand of acid (8) (moderately wounded)
You fail to use your ability.
Ijyb misses you.
Aiming: Breathe Fire (5% risk of failure)
Press: ? - help, Shift-Dir - straight line, f/p - Ijyb
Aim: Ijyb, wielding a +1 spectral club, wearing a +1 leather armour of cold resistance and carrying a wand of acid (8) (moderately wounded)
You breathe a blast of fire.
The fiery breath hits Ijyb.
Ijyb is heavily wounded.
Ijyb is engulfed in blazing flames.
Ijyb screams, "Get away!"
Ijyb zaps a wand.
The bolt of acid hits you!!
You die...
Xom chortles!

*,**,*,,,,,,,,,,,,,*
,,,*,*,*****,**#.#**
*,,*>*,* *,* #.#
*,,*,*,* #.# #.#
*,,*,*,* #.# #.#
,,,*,*,* #^# #.#
**,*,*,* #.# #.#
**,*,*,* #.# #g#
,,,,,*,* #.# #@#
#.#**#.#####.###.#
#.# #.......(...#
#.# #######.#####
#.# #.# #.# #.# #.#
#.# #.##########.#
#......[.....#


You could see Ijyb.

Vanquished Creatures
  Edmund (D:4)
  A necrophage (D:3)
  2 ogres (D:4)
  A scorpion (D:4)
  A hound (D:4)
  An iguana (D:3)
  Robin (D:2)
  4 adders
  2 worms
  A dart slug (D:1)
  5 orcs (D:3)
  7 bats
  6 endoplasms
  A giant cockroach (D:3)
  10 goblins
  6 hobgoblins
  4 jackals
  3 quokkas
  8 ball pythons
  5 frilled lizards
  6 kobolds
  A rat (D:1)
77 creatures vanquished.

Vanquished Creatures (others)
  2 plants (D:2)
2 creatures vanquished.

Grand Total: 79 creatures vanquished

Notes
Turn   | Place    | Note
-------+----------+-------------------------------------------
     0 | D:1      | Lekart the Draconian Chaos Knight began the quest for the
                  | Orb.
     0 | D:1      | Reached XP level 1. HP: 19/19 MP: 1/1
   205 | D:1      | Reached XP level 2. HP: 18/26 MP: 2/2
   342 | D:1      | Found a faded altar of an unknown god.
   368 | D:1      | Got Plato's Handbook of Poisoning
   650 | D:1      | XOM: noise
   907 | D:2      | Reached XP level 3. HP: 22/33 MP: 3/3
   998 | D:2      | XOM: summons 2 hostile demons
  1273 | D:2      | Noticed Robin
  2120 | D:2      | Killed Robin
  2121 | D:2      | Reached skill level 4 in Axes
  2121 | D:2      | Reached XP level 4. HP: 40/40 MP: 4/4
  2275 | D:2      | XOM: silly message
  2538 | D:3      | Found Hiank's Weapon Emporium.
  2592 | D:3      | HP: 2/40 [something (11)]
  2970 | D:3      | Noticed a necrophage
  2982 | D:3      | Killed a necrophage
  2983 | D:3      | Reached XP level 5. HP: 31/47 MP: 5/5
  3045 | D:3      | XOM: divination: detect creatures
  3198 | D:3      | XOM: silly message
  3419 | D:3      | XOM: scenery: 4 doors open, 1 doors close
  3425 | D:4      | Noticed Edmund
  3428 | D:4      | XOM: smoke on damage
  3443 | D:4      | HP: 1/70 [Edmund (7)]
  3444 | D:4      | Killed Edmund
  3445 | D:4      | Reached skill level 5 in Axes
  3445 | D:4      | Reached XP level 6. HP: 2/55 MP: 6/6
  3532 | D:4      | XOM: scenery: create altars
  3635 | D:4      | XOM: 2-stop teleportation journey
  3799 | D:4      | Reached skill level 5 in Fighting
  3817 | D:4      | XOM: cloud trail
  3897 | D:4      | XOM: cleaving
  3929 | D:4      | Reached skill level 6 in Axes
  3930 | D:4      | Your scales start taking on a fiery red colour.
  3930 | D:4      | Reached XP level 7. HP: 61/61 MP: 7/7
  3930 | D:4      | Gained mutation: Your flesh is heat resistant. (rF+) [Red
                  | Draconian growth]
  3941 | D:4      | XOM: cleaving
  3951 | D:4      | XOM: 1-stop teleportation journey
  4006 | D:4      | Noticed Ijyb
  4014 | D:4      | Killed from afar by Ijyb

Illustrated notes

Levels and vault maps discovered:
D:1:      mainiacjoe_arrival_reflecting_pool, layout_basic,
          shapermc_ecumenical_altar_rom_forum, st_stairs_3,
          minmay_tiny_reverse_x
D:2:      layout_rooms, serial_bayou_pond_c, uniq_robin
D:3:      layout_basic, serial_shops, nicolae_square_shop
D:4:      layout_loops_ring, uniq_edmund, uniq_ijyb

Skill      XL: |  1  2  3  4  5  6  7 |
---------------+----------------------+-----
Fighting       | 4 5 |  5.3
Axes           | 4 5 6 |  6.3
Dodging        | 3 4 |  4.0

Action                   |  1- 3 |  4- 6 |  7- 9 || total
-------------------------+-------+-------+-------++-------
Melee: Hand axe          |   123 |   111 |    11 ||   245
       Tailslap          |    15 |    10 |     1 ||    26
 Abil: Breathe Fire      |       |       |     1 ||     1
  Use: Scroll            |     2 |     2 |       ||     4
       Potion            |     1 |     2 |       ||     3
 Stab: Sleeping          |     2 |     2 |       ||     4
       Invisible         |     2 |       |       ||     2
       Paralysed         |       |     5 |       ||     5
Armor: Skin              |    54 |    27 |     1 ||    82
Dodge: Dodged            |    99 |    67 |     4 ||   170

Table legend: (Time is in decaauts)
 A = Elapsed time spent in this place.
 B = Non-inter-level travel time spent in this place.
 C = Inter-level travel time spent in this place.
 D = Time resting spent in this place.
 E = Time spent auto-exploring this place.
 F = Levels seen in this place.
 G = Mean time per level.
                   A        B        C        D        E       F      G
               +--------+--------+--------+--------+--------+-----+--------+
         Total |   4045 |   3992 |     53 |   1500 |   1878 |   4 | 1011.2 |
       Dungeon |   4045 |   3992 |     53 |   1500 |   1878 |   4 | 1011.2 |
               +--------+--------+--------+--------+--------+-----+--------+

Top non-repeatable levels by time:
     D:1: 1746 daAuts
     D:3: 1078 daAuts
     D:2: 630 daAuts
     D:4: 589 daAuts
